 Dungeon Crawl Stone Soup version 0.30.1-9-gdf580d7c3d (webtiles) character file.

Game seed: 4595662877441158158

45 growler the Gusty (level 3, -3/19 HPs)
             Began as a Tengu Air Elementalist on Oct 21, 2023.
             Slain by a gnoll
             ... wielding a +0 spear
              (4 damage)
             ... on level 2 of the Dungeon.
             The game lasted 00:03:25 (1305 turns).

growler the Gusty (Tengu Air Elementalist)          Turns: 1305, Time: 00:03:26

Health: -3/19      AC:  2    Str:  8    XL:     3   Next: 64%
Magic:  3/7        EV: 12    Int: 17    God:
Gold:   30         SH:  0    Dex: 14    Spells: 1/7 levels left

rFire   . . .        e - +0 dagger
rCold   . . .        (no shield)
rNeg    . . .        a - +0 robe
rPois   .            (helmet restricted)
rElec   .            (no cloak)
rCorr   .            (no gloves)
SInv    .            (boots unavailable)
Will    .....        (no amulet)
Stlth   ++           (no ring)
HPRegen 0.23/turn    (no ring)
MPRegen 0.10/turn

%: no passive effects
@: no status effects
A: beak, talons 3
a: no special abilities


You were on level 2 of the Dungeon.
You visited 1 branch of the dungeon, and saw 2 of its levels.

You collected 30 gold pieces.

Inventory:

Hand Weapons
 e - a +0 dagger (weapon)
Armour
 a - a +0 robe (worn)
Jewellery
 c - a ring of protection from fire
Scrolls
 d - a scroll of identify
 g - a scroll of teleportation
 i - 2 scrolls of vulnerability
Potions
 b - a potion of magic
 f - a potion of brilliance
 h - a potion of curing


   Skills:
 - Level 2.1 Dodging
 - Level 2.0 Stealth
 + Level 2.6 Spellcasting
 + Level 2.8 Conjurations
 + Level 4.7 Air Magic


You had one spell level left.
You knew the following spells:

 Your Spells              Type           Power      Damage    Failure   Level
a - Shock                 Conj/Air       60%        1d6       3%          1
b - Static Discharge      Conj/Air       30%        2-4/arc   6%          2
c - Swiftness             Air            18%        N/A       8%          3

Your spell library contained the following spells:

 Spells                   Type           Power      Damage    Failure   Level
 Airstrike                Air            9%         2d(2-18)  26%         4


Dungeon Overview and Level Annotations

Branches:
Dungeon (2/15)

Altars:

Shops:
D:1 :


Innate Abilities, Weirdness & Mutations

You have a beak for a mouth.
You have claws for feet.


Message History

Nothing appears to happen.
The zap hits the endoplasm.
You kill the endoplasm!
Your magical contamination has completely faded away.
A gnoll comes into view. It is wielding a +0 spear.
The zap hits the gnoll.
The gnoll is moderately wounded.
The gnoll shouts!
The zap hits the gnoll.
The gnoll is heavily wounded.
You are out of magic!
You are out of magic!
There is a stone staircase leading up here.
You climb upwards.
There is a stone staircase leading down here.
You start resting.
You feel your willpower return.
You start resting.
Magic restored.
You climb downwards.
The gnoll barely misses you.
There is a stone staircase leading up here.
The gnoll hits you with a +0 spear!
Casting: Shock (safe; 3% risk of failure)
Confirm with . or Enter, or press ? or * to list all spells.
The gnoll is struck by an arc of lightning.
The gnoll is heavily wounded.
You are struck by an arc of lightning.
The gnoll is struck by an arc of lightning.
The gnoll is severely wounded.
The lightning grounds out.
The gnoll hits you with a +0 spear!
* * * LOW HITPOINT WARNING * * *
Unknown command.
Casting: Static Discharge (safe; 6% risk of failure)
Confirm with . or Enter, or press ? or * to list all spells.
The gnoll is struck by an arc of lightning.
The gnoll is almost dead.
You are struck by an arc of lightning.
* * * LOW HITPOINT WARNING * * *
The lightning grounds out.
The gnoll hits you with a +0 spear.
You die...

####(. #.....#
#### #...... ...#
....... ....
#......## #.. .#
#.....#.###.#...#
#.......$.#
####.###.#.#
#<@g.....#
#.##.##..)..
#.##.# ##.#
#.##.. .) #.#####
## ... #.. ###


You could see a gnoll.

Vanquished Creatures
  A gnoll (D:2)
  A dart slug (D:1)
  2 ball pythons
  A bat (D:1)
  5 endoplasms
  4 giant cockroaches (D:1)
  3 goblins
  5 hobgoblins (D:1)
  A frilled lizard (D:1)
  2 kobolds (D:1)
  5 rats (D:1)
30 creatures vanquished.

Notes
Turn   | Place    | Note
-------+----------+-------------------------------------------
     0 | D:1      | growler the Tengu Air Elementalist began the quest for the
                  | Orb.
     0 | D:1      | Reached XP level 1. HP: 10/10 MP: 4/4
   152 | D:1      | Reached XP level 2. HP: 10/15 MP: 0/6
   166 | D:1      | Learned a level 2 spell: Static Discharge
   257 | D:1      | Found Oranug's Book Shoppe.
   708 | D:1      | Reached XP level 3. HP: 19/19 MP: 5/7
   712 | D:1      | Learned a level 3 spell: Swiftness
  1305 | D:2      | Slain by a gnoll

Illustrated notes

Levels and vault maps discovered:
D:1:      beargit_arrival_greenhouse, layout_loops_ring, serial_shops, shop,
          serial_park_tiny_2, minmay_surrounded
D:2:      layout_loops_cross, basic_altar

Skill      XL: |  1 |
---------------+----+-----
Conjurations   | 2 |  2.8
Dodging        | |  2.1
Stealth        | |  2.0
Spellcasting   | |  2.6
Air Magic      | |  4.7

Action                     || total
---------------------------++-------
  Melee: Dagger            ||    16
         Kick              ||     4
   Cast: Shock             ||    52
         Static Discharge  ||     2
    Use: Scroll            ||     4
 Armour: Robe              ||     6
  Dodge: Dodged            ||    13
